 Dungeon Crawl Stone Soup version 0.30-a0-743-gbfdf073431 (webtiles) character file.

Game seed: 11331307653200471559

2 Anamonty the Vexing (level 1, -8/15 HPs)
             Began as a Barachi Hexslinger on Feb 8, 2023.
             Mangled by Terence
             ... wielding a +0 falchion
              (10 damage)
             ... on level 2 of the Dungeon.
             The game lasted 00:00:29 (44 turns).

Anamonty the Vexing (Barachi Hexslinger)              Turns: 44, Time: 00:00:30

Health: -8/15      AC:  2    Str: 11    XL:     1   Next: 40%
Magic:  2/2        EV: 12    Int: 13    God:
Gold:   0          SH:  0    Dex: 12    Spells: 1/2 levels left

rFire   . . .      SeeInvis .    a - +1 sling
rCold   . . .      Faith    .    (no shield)
rNeg    . . .      Spirit   .    c - +0 robe
rPois   .          Reflect  .    (no helmet)
rElec   .          Harm     .    (no cloak)
rCorr   .          Rampage  .    (no gloves)
Will    .....                    (no boots)
Stlth   +                        (no amulet)
HPRegen 0.22/turn                (no ring)
MPRegen 0.08/turn                (no ring)

@: unable to hop, slow
A: amphibious, slowness 1, strong legs 1, +LOS
a: Hop


You were on level 2 of the Dungeon.
You visited 1 branch of the dungeon, and saw 2 of its levels.

Inventory:

Hand Weapons
 a - a +1 sling (weapon)
Armour
 c - a +0 robe (worn)
Scrolls
 b - a scroll of poison


   Skills:
 * Level 1.4 Fighting
 * Level 2.0 Ranged Weapons
 + Level 2.2 Dodging
 + Level 1.1 Spellcasting
 + Level 3.3 Hexes


You had one spell level left.
You knew the following spells:

 Your Spells              Type           Power      Damage    Failure   Level
a - Slow                  Hex            36%        N/A       7%          1

Your spell library contained the following spells:

 Spells                   Type           Power      Damage    Failure   Level
 Inner Flame              Hex/Fire       5%         N/A       38%         3
 Portal Projectile        Hex/Tloc       10%        N/A       38%         3
 Cause Fear               Hex            4%         N/A       56%         4


Dungeon Overview and Level Annotations

Branches:
Dungeon (1/15)

Altars:

Annotations:
D:2 Terence


Innate Abilities, Weirdness & Mutations

You are amphibious.
You cover ground slowly.
You can hop short distances.
You have an extended range of vision and can be seen from far away.


Message History

You fall into a shaft and drop 1 floor!
The shaft crumbles and collapses.
Found 9 gold pieces.
Terence, an endoplasm and a dart slug come into view.
The endoplasm quivers.
Terence drinks a potion.
Terence suddenly seems more resistant.
The dart slug moves out of view.
There are monsters nearby!
You shoot a sling bullet. The sling bullet hits the endoplasm!
You kill the endoplasm!
A giant cockroach comes into view. 2 goblins come into view.
Found a helmet.
You shoot a sling bullet.
The sling bullet hits Terence but does no damage.
Hop to where?
Press: ? - help, Dir - move target, p - Terence Boing!
You shoot a sling bullet. The sling bullet barely misses Terence.
The sling bullet hits the goblin.
You kill the goblin!
Terence misses you. Terence completely misses you.
You shoot a sling bullet. The sling bullet barely misses Terence.
Terence hits you with a +0 falchion. Terence barely misses you.
You shoot a sling bullet.
The sling bullet hits Terence but does no damage.
Terence hits you with a +0 falchion!
Ouch! That really hurt!
Terence attacks as you move away! Terence misses you.
Terence barely misses you.
Terence is no longer unusually resistant.
Terence attacks as you move away! Terence barely misses you.
Terence drinks a potion.
Terence suddenly seems more resistant.
Terence attacks as you move away! Terence closely misses you.
Terence hits you with a +0 falchion.
* * * LOW HITPOINT WARNING * * *
Terence attacks as you move away! Terence hits you with a +0 falchion!
Ouch! That really hurt!
You die...

#...............###.#
#...................#
#..#####.####..##.###
# #.# ##..##.### #.#
#..........#
#.###......###.#
#....g.....#
#####@....$# #@.....#
.......w....#.#
.........#..#.#
.......#.#..#.#
............#
##.....#.# .# #.##..
..# .# . #.. ... .#
... ...


You could see Terence (resistant), a dart slug and a goblin.

Vanquished Creatures
  An endoplasm (D:2)
  A goblin (D:2)
2 creatures vanquished.

Notes
Turn   | Place    | Note
-------+----------+-------------------------------------------
     0 | D:1      | Anamonty the Barachi Hexslinger began the quest for the
                  | Orb.
     0 | D:1      | Reached XP level 1. HP: 15/15 MP: 2/2
     4 | D:1      | You fall into a shaft and drop 1 floor!
     7 | D:2      | Noticed Terence
    44 | D:2      | Mangled by Terence

Illustrated notes

Levels and vault maps discovered:
D:1:      lemuel_arrival_cross, layout_rooms,
          shapermc_ecumenical_altar_rom_forum, minmay_pentomino_v4
D:2:      layout_loops_ring, minmay_misc_feat_diagonals, grunt_ministairs_4,
          uniq_terence, uniq_robin

Action                     || total
---------------------------++-------
   Fire: Sling             ||     5
Ability: Hop               ||     1
  Dodge: Dodged            ||     7

Table legend: (Time is in decaauts)
 A = Elapsed time spent in this place.
 B = Non-inter-level travel time spent in this place.
 C = Inter-level travel time spent in this place.
 D = Time resting spent in this place.
 E = Time spent auto-exploring this place.
 F = Levels seen in this place.
 G = Mean time per level.
                   A        B        C        D        E       F      G
               +--------+--------+--------+--------+--------+-----+--------+
         Total |     52 |     52 |      0 |      0 |      6 |   2 |   26.0 |
       Dungeon |     52 |     52 |      0 |      0 |      6 |   2 |   26.0 |
               +--------+--------+--------+--------+--------+-----+--------+

Top non-repeatable levels by time:
     D:2: 48 daAuts
     D:1: 4 daAuts
